 Dungeon Crawl Stone Soup version 0.31-a0-358-gac0dbeb3ab (webtiles) character file.

Game seed: 6062207763037478749

58 Bnni the Changeling (level 4, -8/29 HPs)
             Began as an Octopode Shapeshifter on July 25, 2023.
             Mangled by Sigmund
             ... wielding a +1 scythe of freezing
              (12 damage)
             ... on level 2 of the Dungeon.
             The game lasted 00:01:47 (1336 turns).

Bnni the Changeling (Octopode Shapeshifter)         Turns: 1336, Time: 00:01:48

Health: -8/29      AC:  1    Str: 14    XL:     4   Next: 1%
Magic:  4/4        EV: 13    Int: 16    God:
Gold:   75         SH:  0    Dex: 14    Spells: 3/3 levels left

rFire   . .          .
                       - Unarmed
rCold   . . .        (no shield)
rNeg    . . .        (helmet currently unavailable)
rPois   .            (no amulet)
rElec   .            k - +6 ring of intelligence
rCorr   .            (no ring)
SInv    .            (no ring)
Will    .....        (no ring)
Stlth   ++           (no ring)
HPRegen 0.24/turn    (no ring)
MPRegen 0.09/turn    (no ring)
                     (no ring)

%: no passive effects
@: beast-form
A: beast (slay +2), almost no armour, amphibious, 8 rings, camouflage 1,
gelatinous body 1, (nimble swimmer 1), tentacles
a: Begin Untransformation


You were on level 2 of the Dungeon.
You were a hulking beast.
You visited 1 branch of the dungeon, and saw 2 of its levels.

You collected 75 gold pieces.

Inventory:

Missiles
 i - 5 poisoned darts
Jewellery
 k - a +6 ring of intelligence (left tentacle)
Talismans
 b - a beast talisman
Scrolls
 c - 2 scrolls of enchant weapon {unknown}
 d - 2 scrolls of teleportation {unknown}
 h - a scroll of torment {unknown}
 j - a scroll of fear {unknown}
 l - a scroll of summoning {unknown}
Potions
 a - 2 potions of lignification
 e - a potion of curing {unknown}
 f - a potion of magic {unknown}
 g - a potion of attraction {unknown}


   Skills:
 + Level 2.0 Fighting
 - Level 2.0 Dodging
 + Level 3.5 Unarmed Combat
 * Level 3.6 Shapeshifting


You had 3 spell levels left.
You didn't know any spells.
Your spell library contained the following spells:

 Spells                   Type           Power      Damage    Failure   Level
 Summon Forest            Summ/Tloc      0%         N/A       100%        5
 Eringya's Noxious Bog    Tmut/Pois      0%         4d6       100%        6
 Summon Hydra             Summ           0%         N/A       100%        7


Dungeon Overview and Level Annotations

Branches:
Dungeon (2/15)

Altars:

Annotations:
D:2 Sigmund


Innate Abilities, Weirdness & Mutations

You are a hulking beast.
Your limbs bulge with bestial killing power. (Slay +2)
You cannot wear most types of armour.
You are amphibious.
You can wear up to eight rings at the same time.
Your skin changes colour to match your surroundings (Stealth+).
Your rubbery body absorbs attacks. (AC +1, EV +1)
((You are camouflaged when in or above water. (Stealth+)))
You have tentacles for arms and can constrict up to eight enemies at once.


Message History

You have reached level 4!
You see here a hobgoblin corpse.
Key pressed, stopping explore.
No target in view!
Sigmund the Dreaded comes into view.
He is wielding a +1 scythe of freezing.
Sigmund shouts!
Sigmund is nearby!
Sigmund breathes a few words.
Sigmund's hands start flickering wildly.
Sigmund hits you from afar with a +1 scythe of freezing.
Sigmund freezes you.
You tentacle-slap Sigmund. Your grab misses Sigmund.
Your squeeze misses Sigmund.
Sigmund is lightly wounded.
Sigmund hits you with a +1 scythe of freezing.
Sigmund freezes you.
You closely miss Sigmund. You grab Sigmund.
Sigmund is lightly wounded.
You constrict Sigmund, but do no damage.
Sigmund hits you with a +1 scythe of freezing.
Sigmund freezes you.
You are too injured to fight recklessly!
Unknown command.
Okay, then.
You tentacle-slap Sigmund.
Sigmund is lightly wounded.
You constrict Sigmund, but do no damage.
Unknown command.
You tentacle-slap Sigmund. You squeeze Sigmund.
Sigmund is heavily wounded.
You constrict Sigmund. Sigmund gestures at you while chanting.
The puff of flame hits you!
* * * LOW HITPOINT WARNING * * *
Unknown command.
You completely miss Sigmund.
Sigmund is severely wounded.
You constrict Sigmund.
Sigmund hits you with a +1 scythe of freezing!
You die...

##.###########
#.............
#..#†########.
#...........#
##.#.######.# ##
#.#.# #.# .. #.#.#
#.# #.####.#.######.#
#.@h...#.#......#
########.#.######.
.......>.........
#########.#.#######
#......<..#.#########
.#####.#...........#
#...).#.#.........#
#.#####.#.........#
...#.........#


You could see Sigmund.

Vanquished Creatures
  An adder (D:2)
  2 dart slugs
  5 endoplasms
  2 giant cockroaches
  5 goblins
  4 hobgoblins
  3 jackals (D:1)
  3 kobolds
  A quokka (D:1)
  7 ball pythons
  A bat (D:1)
  3 frilled lizards
  5 rats
42 creatures vanquished.

Notes
Turn   | Place    | Note
-------+----------+-------------------------------------------
     0 | D:1      | Bnni the Octopode Shapeshifter began the quest for the Orb.
     0 | D:1      | Reached XP level 1. HP: 13/13 MP: 1/1
   167 | D:1      | Reached XP level 2. HP: 18/18 MP: 2/2
   697 | D:1      | Reached XP level 3. HP: 18/23 MP: 3/3
  1315 | D:2      | Reached XP level 4. HP: 29/29 MP: 4/4
  1328 | D:2      | Noticed Sigmund
  1336 | D:2      | Mangled by Sigmund

Illustrated notes

Levels and vault maps discovered:
D:1:      giann_forest_graveyard, layout_loops_corners
D:2:      layout_basic, ebering_ecumenical_altar_sacrificial,
          chequers_serial_rivers_micro_e, uniq_sigmund

Skill      XL: |  1  2  3 |
---------------+----------+-----
Fighting       | 2 |  2.0
Dodging        | |  2.0
Unarmed Combat | |  3.5
Shapeshifting  | |  3.6

Action                     |  1- 3 |  4- 6 || total
---------------------------+-------+-------++-------
  Melee: Unarmed           |    77 |     5 ||    82
         Constrict         |    26 |     1 ||    27
         Tentacles         |    17 |     1 ||    18
         Punch             |     6 |       ||     6
   Stab: Sleeping          |     6 |       ||     6
 Armour: Skin              |     2 |       ||     2
  Dodge: Dodged            |    42 |       ||    42

Table legend: (Time is in decaauts)
 A = Elapsed time spent in this place.
 B = Non-inter-level travel time spent in this place.
 C = Inter-level travel time spent in this place.
 D = Time resting spent in this place.
 E = Time spent auto-exploring this place.
 F = Levels seen in this place.
 G = Mean time per level.
                   A        B        C        D        E       F      G
               +--------+--------+--------+--------+--------+-----+--------+
         Total |   1330 |   1281 |     49 |      0 |   1047 |   2 |  665.0 |
       Dungeon |   1330 |   1281 |     49 |      0 |   1047 |   2 |  665.0 |
               +--------+--------+--------+--------+--------+-----+--------+

Top non-repeatable levels by time:
     D:1: 1035 daAuts
     D:2: 294 daAuts
